 Dungeon Crawl Stone Soup version 0.29-a0-1009-g60c99734e7 (webtiles) character file.

Game seed: 1551377968820355714

387702 flotson the Fetichist (level 22, -1/143 (175) HPs)
             Began as a Demonspawn Delver on Aug 9, 2022.
             Was an Initiate of Gozag.
             Slain by an ironbound preserver
             ... wielding the +9 scimitar "Daos Niddig" {drain, rF+ rC+ Str+3 Dex-2}
              (15 damage)
             ... on level 4 of the Vaults.
             The game lasted 01:43:47 (61005 turns).

flotson the Fetichist (Demonspawn Delver)          Turns: 61005, Time: 01:43:49

HP:   -1/143 (175)  AC: 46    Str: 31    XL:     22   Next: 3%
MP:   36/36         EV: 11    Int:  9    God:    Gozag
Gold: 3547          SH: 15    Dex: 15    Spells: 20/42 levels left

rFire   + + +      SeeInvis +   a - +3 Elemental Staff {rElec rF++ rC++ AC+5}
rCold   + + +      Faith    .   t - +2 kite shield {reflect}
rNeg    . . .      Spirit   .   H - +0 gold dragon scales of Wrong Decisions {+Blink rPois rF+ rC+ Regen+}
rPois   +          Reflect  +   (helmet unavailable)
rElec   +          Harm     .   Q - +2 cloak of the Thief {*Fog Slay-2 SInv Stlth+}
rCorr   .          Rampage  .   P - +1 pair of gloves {hurl}
Will    +....                   S - +2 pair of boots {Stlth+}
Stlth   ..........              (no amulet)
HPRegen 1.13/turn               K - ring "Nifuck" {rPois Str+9 Int-4}
MPRegen 0.25/turn               k - +4 ring of slaying

@: gold aura, sanguine armoured, studying 4 skills, heavily drained
A: antennae 3, foul stench 2, sanguine armour 3, demonic magic 2, corrupting
presence 2
}: 2/15 runes: decaying, serpentine
a: Renounce Religion, Evoke Blink, Potion Petition, Call Merchant, Bribe Branch


You were on level 4 of the Vaults.
You worshipped Gozag.
Gozag was most pleased with you.
You visited 7 branches of the dungeon, and saw 36 of its levels.
You visited the Abyss 1 time.
You also visited: Trove and Gauntlet.

You collected 17635 gold pieces.
You spent 10603 gold pieces at shops.
You paid 3485 gold pieces to Gozag.

Inventory:

Hand Weapons
 a - the +3 Elemental Staff (weapon) {rElec rF++ rC++ AC+5}
   (You bought it in a shop on level 3 of the Dungeon)

   If the wielder is skilled in Evocations, they can discharge powerful blasts
   of elemental energy when striking with it.
   It enhances your fire, ice, earth and air magic.
   AC:        It affects your AC (+5).
   rF:        It greatly protects you from fire.
   rC:        It greatly protects you from cold.
   rElec:     It insulates you from electricity.
Missiles
 u - 3 throwing nets
 z - 2 boomerangs of dispersal
 F - 11 atropa-tipped darts
 N - 7 javelins
 O - 18 curare-tipped darts (quivered)
Armour
 t - a +2 kite shield of reflection (worn)
 G - a scarf of invisibility
 H - the +0 gold dragon scales of Wrong Decisions (worn) {+Blink rPois rF+ rC+ Regen+}
   (You bought it in a shop on level 3 of the Vaults)

   rF:        It protects you from fire.
   rC:        It protects you from cold.
   rPois:     It protects you from poison.
   +Blink:    It lets you blink.
   Regen:     It increases your rate of health regeneration.
 P - a +1 pair of gloves of hurling (worn)
 Q - the +2 cloak of the Thief (worn) {*Fog Slay-2 SInv Stlth+}
   (You found it on level 5 of the Vaults)

   It may release a thick cloud of smoke when the wearer is hurt.
   Slay:      It affects your accuracy & damage with ranged weapons and melee
   (-2).
   SInv:      It lets you see invisible.
   Stlth:     It makes you more stealthy.
 S - a +2 pair of boots of stealth (worn)
Jewellery
 k - a +4 ring of slaying (right hand)
 w - a ring of resist corrosion
 I - the ring "Sudutum" {*Corrode Fly rPois rC+++ MP+9}
   (You found it in a Gauntlet)

   [ring of flight]

   rC:        It renders you almost immune to cold.
   rPois:     It protects you from poison.
   MP:        It affects your magic capacity (+9).
   Fly:       It grants you flight.
   *Corrode:  It may corrode you when you take damage.
 K - the ring "Nifuck" (left hand) {rPois Str+9 Int-4}
   (You found it on level 8 of the Dungeon)

   [ring of poison resistance]

   Str:       It affects your strength (+9).
   Int:       It affects your intelligence (-4).
   rPois:     It protects you from poison.
Wands
 g - a wand of digging (3)
 M - a wand of acid (15)
 T - a wand of charming (17)
 X - a wand of roots (23)
 Y - a wand of mindburst (24)
Scrolls
 b - 11 scrolls of immolation
 c - 2 scrolls of torment
 d - 2 scrolls of fog
 e - 9 scrolls of fear
 l - 18 scrolls of teleportation
 n - 5 scrolls of vulnerability
 p - 3 scrolls of summoning
 q - 7 scrolls of blinking
 r - 3 scrolls of silence
 A - 7 scrolls of enchant weapon
 C - 4 scrolls of brand weapon
 D - 9 scrolls of enchant armour
 L - 5 scrolls of magic mapping
 W - 6 scrolls of poison
Potions
 f - 6 potions of haste
 h - 7 potions of attraction
 i - 15 potions of curing
 m - 7 potions of lignification
 o - 4 potions of cancellation
 s - 5 potions of invisibility
 v - 2 potions of flight
 x - 3 potions of ambrosia
 B - 5 potions of might
 R - 2 potions of resistance
 U - 6 potions of berserk rage
 V - 7 potions of mutation
Miscellaneous
 j - a phial of floods
 y - a phantom mirror
 J - a tin of tremorstones (2/2)


   Skills:
 + Level 15.3 Fighting
 - Level 1.7(7.8) Polearms
 - Level 11.9(12.0) Staves
 - Level 8.0 Throwing
 + Level 13.8 Armour
 + Level 13.9 Dodging
 - Level 4.5 Stealth
 - Level 14.0 Shields
 + Level 10.8 Spellcasting
 + Level 10.7 Conjurations
 + Level 13.3 Air Magic
 - Level 16.0 Evocations


You had 20 spell levels left.
You knew the following spells:

 Your Spells              Type           Power      Damage    Failure   Level
a - Lightning Bolt        Conj/Air       19%        1d34      63%         5
b - Static Discharge      Conj/Air       39%        3-8/arc   4%          2
c - Airstrike             Air            21%        2d(4-20)  17%         4
d - Mephitic Cloud        Conj/Pois/Air  28%        N/A       43%         3
e - Freezing Cloud        Conj/Ice/Air   21%        6-21      99%         5
f - Swiftness             Air            43%        N/A       5%          3

Your spell library contained the following spells:

 Spells                   Type           Power      Damage    Failure   Level
 Shock                    Conj/Air       100%       1d9       3%          1
 Searing Ray              Conj           48%        2d6       8%          2
 Dazzling Flash           Conj/Hex       28%        N/A       80%         3
 Stone Arrow              Conj/Erth      42%        3d9       80%         3
 Iskenderun's Battlesphe  Conj           24%        2d8       80%         5
 Summon Lightning Spire   Summ/Air       25%        N/A       95%         4
 Apportation              Tloc           8%         N/A       99%         1
 Necrotise                Necr           16%        1d4       99%         1
 Slow                     Hex            16%        N/A       99%         1
 Summon Small Mammal      Summ           16%        N/A       99%         1
 Blink                    Tloc           8%         N/A       99%         2
 Ensorcelled Hibernation  Hex/Ice        14%        N/A       99%         2
 Fulminant Prism          Conj/Hex       7%         3d7       99%         4
 Iskenderun's Mystic Bla  Conj/Tloc      14%        2d5       99%         4
 Conjure Ball Lightning   Conj/Air       19%        3x3d6     99%         6
 Confusing Touch          Hex            4%         N/A       100%        3
 Gell's Gravitas          Tloc           4%         N/A       100%        3
 Inner Flame              Hex/Fire       7%         N/A       100%        3
 Lesser Beckoning         Tloc           4%         N/A       100%        3
 Portal Projectile        Hex/Tloc       8%         N/A       100%        3
 Spider Form              Tmut/Pois      4%         N/A       100%        3
 Summon Guardian Golem    Hex/Summ       4%         N/A       100%        3
 Teleport Other           Tloc           4%         N/A       100%        3
 Tukima's Dance           Hex            4%         N/A       100%        3
 Vampiric Draining        Necr           4%         2d6       100%        3
 Anguish                  Hex/Necr       2%         N/A       100%        4
 Animate Armour           Summ/Erth      14%        N/A       100%        4
 Cause Fear               Hex            2%         N/A       100%        4
 Dispel Undead            Necr           4%         3d7       100%        4
 Leda's Liquefaction      Hex/Erth       3%         N/A       100%        4
 Petrify                  Tmut/Erth      7%         N/A       100%        4
 Agony                    Necr           4%         N/A       100%        5
 Blade Hands              Tmut           2%         N/A       100%        5
 Fireball                 Conj/Fire      10%        3d6       100%        5
 Lee's Rapid Deconstruct  Erth           3%         3d6*      100%        5
 Manifold Assault         Tloc           4%         N/A       100%        5
 Silence                  Hex/Air        12%        N/A       100%        5
 Summon Forest            Summ/Tloc      2%         N/A       100%        5
 Summon Mana Viper        Hex/Summ       4%         N/A       100%        5
 Dispersal                Tloc           2%         N/A       100%        6
 Iron Shot                Conj/Erth      10%        9d3       100%        6
 Starburst                Conj/Fire      10%        6d5       100%        6
 Statue Form              Tmut/Erth      4%         N/A       100%        6
 Summon Cactus Giant      Summ           2%         N/A       100%        6
 Enfeeble                 Hex            2%         N/A       100%        7
 Haunt                    Necr/Summ      2%         N/A       100%        7
 Orb of Destruction       Conj           12%        9d7       100%        7
 Spellforged Servitor     Conj/Summ      7%         N/A       100%        7
 Storm Form               Tmut/Air       12%        N/A       100%        7
 Borgnjor's Revivificati  Necr           2%         N/A       100%        8
 Discord                  Hex            2%         N/A       100%        8
 Infestation              Necr           2%         N/A       100%        8
 Lehudib's Crystal Spear  Conj/Erth      10%        10d4      100%        8
 Maxwell's Capacitive Co  Air            21%        ∞         100%        8
 Death's Door             Necr           2%         N/A       100%        9
 Polar Vortex             Ice            3%         N/A       100%        9
 Shatter                  Erth           3%         3d7*      100%        9
 Animate Dead             Necr           Unusable   N/A       N/A         4
 Simulacrum               Ice/Necr       Unusable   N/A       N/A         6

Dungeon Overview and Level Annotations

Branches:
Dungeon (15/15)            Temple (1/1) D:5            Lair (5/5) D:10
  Swamp (4/4) Lair:2        Snake (4/4) Lair:3        Slime (0/5) Lair:5
    Orc (2/2) D:10            Elf (0/3) Orc:2        Vaults (5/5) D:13
  Crypt (0/3) Vaults:2     Depths (0/4) D:15        Gauntlet (visited)

Altars:
Ashenzari
Cheibriados
Dithmenos
Fedhas
Gozag
Hepliaklqana
Makhleb
Nemelex Xobeh
Okawaru
Qazlal
Uskayaw
Vehumet
Wu Jian

Shops:
D:1 [   D:3 =**   D:9 (   D:10 [[:=   Orc:1 [*?   Orc:2 *(:[   Vaults:2 !
Vaults:3 =*[[

Portals:
Hell: Lair:5

Annotations:
Lair:5 1 runed translucent door


Innate Abilities, Weirdness & Mutations

You have a pair of large antennae on your head. (SInv)
You sometimes emit foul miasma when damaged in melee.
When seriously injured, your blood forms very thick armour. (AC +12)
Spells you cast may paralyse nearby enemies.
Your presence sometimes corrodes or deforms those you injure.


Message History

The ironbound preserver hits you but does no damage.
You feel drained. You block the ice beast's attack.
You barely miss the vault guard.
The vault guard is heavily wounded.
The ironbound convoker closely misses you.
The vault guard hits you with a +3 great mace of protection.
Unknown command.
You hit the vault guard.
The vault guard twists and deforms.
You burn the vault guard!!
The vault guard is severely wounded.
The ironbound preserver hits you with the +9 scimitar "Daos Niddig" {drain, rF+ rC+ Str+3 Dex-2}!!
* * * LOW HITPOINT WARNING * * *
You feel drained.
* * * LOW HITPOINT WARNING * * *
You block the ice beast's attack.
You feel much better.
The ice beast changes into a worm!
The ironbound convoker points at the worm and mumbles some strange words.
The worm seems to grow stronger.
You block the vault guard's attack.
The ironbound preserver hits you but does no damage.
You feel drained.
You sock the vault guard!
The vault guard seems to be corroded for longer.
The vault guard is severely wounded.
The ironbound convoker zaps a wand.
You resist with almost no effort.
The now-empty wand crumbles to dust.
The vault guard hits you but does no damage.
You block the ironbound preserver's attack.
Unknown command.
You barely miss the vault guard.
The vault guard is severely wounded.
You block the ironbound convoker's attack.
The vault guard hits you but does no damage.
Unknown command.
You hit the vault guard.
The vault guard is almost dead.
The ironbound preserver hits you with the +9 scimitar "Daos Niddig" {drain, rF+ rC+ Str+3 Dex-2}!!
* * * LOW HITPOINT WARNING * * *
You feel drained.
You die...
Your body crumbles into a pile of gold.

.# ###.......#......# .#
#.#.......#....#### .#
#.#..##...'.......# #####
#.###.#...####....# ....#
#.........##......# ....#
############......# ....#
######..#.#.# .)..# ####
#...#...#.#.# #)###
#p@###.[.#...#...# #)..#
#pwp###..#...##### #...#
##§.§###.##### #...# ##§..##.#
#...# #####...#.# #...#
#..###.#..# #++#### #...###.[.#
#.....## #.........#
##.....#######'###'##############


You could see an ironbound preserver (strong), a vault guard (misshapen,
corroded), an ironbound convoker (sheltered) and a worm shaped shifter (strong).

Vanquished Creatures
  A dread lich (Vaults:5)
  Saint Roka (Snake:4)
  2 golden dragons
  A bone dragon (Vaults:2)
  Jorgrun (Orc:2)
  A lich (Vaults:5)
  Asterion (Vaults:3)
  A quicksilver dragon (Vaults:4)
  A titan (Vaults:4)
  A tentacled starspawn (Abyss:2)
  5 sphinxes
  Gastronok (D:8)
  6 tengu reavers
  3 nagarajas (Snake:4)
  Kirke (Swamp:1)
  3 shadow dragons (Vaults:5)
  Donald (Orc:2)
  A fenstrider witch (Swamp:1)
  5 fire giants
  12 vault wardens
  3 frost giants (Vaults:5)
  An orc warlord (Orc:1)
  A deep elf sorcerer (Vaults:5)
  16 ironbound preservers
  4 war gargoyles
  21 very ugly things
  8 ironbound thunderhulks
  3 stone giants
  A deep elf demonologist (Vaults:5)
  2 eleionomae
  A deep elf annihilator (Vaults:5)
  The ghost of Zaklogox the Warrior, a journeyman MiFi of Trog (D:12)
  Nessos (Orc:2)
  A bunyip (Swamp:2)
  An entropy weaver (Vaults:4)
  8 dire elephants
  A minotaur (Gauntlet)
  2 deep elf death magi
  Josephine (D:13)
  5 ettins
  6 yaktaur captains
  6 boulder beetles
  3 great orbs of eyes
  16 hydras
  A peacekeeper (Vaults:2)
  A ghost crab (Swamp:2)
  11 vault guards
  2 salamander tyrants (Snake:4)
  An ogre mage (D:14)
  11 alligators
  A spriggan air mage (Swamp:4)
  A catoblepas (D:11)
  4 ironbound frosthearts
  2 death knights (D:14)
  20 anacondas
  10 centaur warriors
  10 two-headed ogres
  3 hell hogs
  9 death yaks
  18 naga warriors
  A deep troll earth mage (Vaults:5)
  3 naga sharpshooters
  4 thrashing horrors (Abyss:2)
  Nergalle (Orc:1)
  A sun demon (Lair:5)
  A deep elf knight (D:13)
  3 goliath frogs
  A salamander mystic (Snake:3)
  4 sixfirhies (Gauntlet)
  4 sea snakes (Snake:4)
  2 spriggan druids
  2 skeletal warriors
  2 large abominations (Abyss:2)
  2 glowing orange brains
  The ghost of drpainis the Covert, a novice SpEn of Dithmenos (D:8)
  37 deep trolls
  8 naga ritualists
  9 swamp dragons
  4 bog bodies
  16 lindwurms
  11 wizards
  8 harpies
  3 phantasmal warriors
  2 deep elf zephyrmancers (D:13)
  A necromancer (Vaults:3)
  25 ironbound convokers
  18 mana vipers
  An orc knight (D:13)
  4 deep elf pyromancers
  37 ugly things
  2 human zombies (Vaults:3)
  An orc sorcerer (Swamp:1)
  4 will-o-the-wisps
  A shadow dragon skeleton (Vaults:3)
  12 cyclopes
  17 salamanders
  3 manticores
  20 elephants
  44 black mambas
  10 guardian serpents
  14 vault sentinels
  A torpor snail (Lair:5)
  12 naga magi
  11 cane toads
  Joseph (D:7)
  A guardian serpent (shapeshifter) (D:15)
  4 centaur skeletons (D:13)
  4 orange demons (Lair:5)
  A gargoyle (D:12)
  10 rime drakes
  Maggie (D:8)
  34 yaktaurs
  3 kobold demonologists
  13 komodo dragons
  A yaktaur skeleton (Vaults:3)
  An efreet (D:13)
  A freezing wraith (D:14)
  A hellwing (Lair:5)
  3 ice devils
  An ancient zyme (Abyss:2)
  A red devil (Lair:5)
  2 polar bears
  7 trolls
  6 hornets
  Prince Ribbit (D:7)
  7 raiju
  A tarantella (shapeshifter) (Vaults:5)
  72 slime creatures
  11 tyrant leeches
  6 dream sheep (Lair:5)
  19 blink frogs
  4 shadows
  2 culicivoras (Vaults:4)
  2 ynoxinuls
  4 spriggans
  7 wraiths
  A flying skull (Abyss:2)
  40 yaks
  A vampire (D:12)
  5 wyverns
  3 golden eyes (Abyss:2)
  A steam dragon (D:10)
  3 basilisks
  3 redbacks (Vaults:4)
  2 wargs
  13 vampire mosquitoes
  27 nagas
  10 swamp worms
  3 acid dragons
  3 hell hounds (Lair:5)
  A small abomination (Abyss:2)
  A glowing shapeshifter zombie (Vaults:3)
  16 water moccasins
  9 swamp drakes
  20 orc warriors
  A floating eye (shapeshifter) (Vaults:3)
  An ice beast (D:6)
  2 sky beasts
  5 black bears
  6 ogres
  A boggart (D:13)
  3 centaurs
  19 wolves
  19 kobold brigands
  5 scorpions
  7 bullfrogs
  5 wights (D:9)
  7 killer bees
  An electric eel (Snake:4)
  A vampire bat (Abyss:3)
  8 howler monkeys
  3 jellies
  18 orc priests
  2 gnoll boudas
  4 hounds
  2 iron imps (Gauntlet)
  2 iguanas (D:6)
  22 orc wizards
  11 hell rats
  25 gnolls
  15 adders
  2 white imps
  A worm (D:2)
  2 dart slugs
  A dart slug (shapeshifter) (Vaults:3)
  84 orcs
  9 ball pythons
  7 endoplasms
  6 giant cockroaches
  6 goblins
  7 hobgoblins
  20 jackals
  3 quokkas
  4 bats
  5 frilled lizards
  28 kobolds
  4 rats
1413 creatures vanquished.

Vanquished Creatures (collateral kills)
  An ancient lich (Vaults:5)
1 creature vanquished.

Vanquished Creatures (others)
  A bloated husk (Swamp:2)
  A spriggan (Swamp:2)
  A human (Swamp:1)
  A naga (Snake:4)
  An orc wizard (Orc:2)
  An ufetubus (Abyss:2)
  12 demonic plants (Abyss:2)
  14 foxfires
  55 fungi
  A lurking horror (Abyss:2)
  81 plants
  2 starspawn tentacles (Abyss:2)
171 creatures vanquished.

Grand Total: 1585 creatures vanquished

Notes
Turn   | Place    | Note
-------+----------+-------------------------------------------
     0 | D:5      | flotson the Demonspawn Delver began the quest for the Orb.
     0 | D:5      | Reached XP level 1. HP: 18/18 MP: 1/1
    15 | D:5      | Found a staircase to the Ecumenical Temple.
    23 | Temple   | Entered the Ecumenical Temple
    66 | Temple   | Became a worshipper of Gozag Ym Sagoz the Greedy
   320 | D:4      | Gained mutation: Spells you cast may paralyse adjacent
                  | enemies. [demonic ancestry]
   320 | D:4      | Reached XP level 2. HP: 24/24 MP: 2/2
   371 | D:3      | Found Zunuc's General Store.
   381 | D:3      | Bought a scroll of teleportation for 30 gold pieces
   419 | D:3      | Found Dix Boxu's General Store.
   426 | D:3      | Bought 3 scrolls of identify for 66 gold pieces
   514 | D:2      | Reached skill level 1 in Evocations
   633 | D:2      | Found a faded altar of an unknown god.
   672 | D:2      | Reached skill level 1 in Armour
   672 | D:2      | Gained mutation: When seriously injured, your blood forms
                  | armour. (AC +12) [demonic ancestry]
   672 | D:2      | Reached XP level 3. HP: 10/29 MP: 3/3
  1072 | D:2      | Found a hide-covered altar of Uskayaw.
  1445 | D:1      | Found Venwuw's Armour Shoppe.
  1457 | D:1      | Bought a +0 helmet for 63 gold pieces
  1622 | D:1      | Reached XP level 4. HP: 35/35 MP: 4/4
  1910 | D:1      | Bought a +0 scale mail for 56 gold pieces
  1978 | D:2      | Identified the +0 robe "Erche" {rCorr Dex-3 Slay+3}
  2372 | D:2      | You fall into a shaft and drop 1 floor!
  2531 | D:3      | Reached skill level 2 in Evocations
  2953 | D:3      | Noticed a kobold brigand
  2981 | D:3      | Reached XP level 5. HP: 29/42 MP: 5/5
  3312 | D:3      | Gained mutation: When seriously injured, your blood forms
                  | thick armour. (AC +12) [demonic ancestry]
  3312 | D:3      | Reached XP level 6. HP: 27/48 MP: 6/6
  3706 | D:3      | Reached skill level 12 in Evocations
  3706 | D:3      | Gained mutation: You have a pair of small antennae on your
                  | head. [demonic ancestry]
  3706 | D:3      | Reached XP level 7. HP: 49/54 MP: 7/7
  4302 | D:3      | Reached skill level 1 in Throwing
  4562 | D:3      | Found Mongaafi's Jewellery Emporium.
  6207 | D:3      | Bought the +3 Elemental Staff {rElec rF++ rC++ AC+5} for
                  | 951 gold pieces
  6207 | D:3      | Found the +3 Elemental Staff {rElec rF++ rC++ AC+5}
  6457 | D:5      | Gained mutation: You have a pair of antennae on your head.
                  | [demonic ancestry]
  6457 | D:5      | Reached XP level 8. HP: 35/61 MP: 8/8
  7189 | D:5      | Reached skill level 1 in Staves
  7672 | D:6      | Reached skill level 13 in Evocations
  7844 | D:6      | Found an ornate altar of the Wu Jian Council.
  8106 | D:6      | Reached XP level 9. HP: 67/67 MP: 9/9
  8351 | D:7      | Noticed Prince Ribbit
  8378 | D:7      | Killed Prince Ribbit
  8723 | D:1      | Bought a +2 pair of gloves of stealth for 301 gold pieces
  9007 | D:7      | Found a broken altar of Ashenzari.
  9012 | D:7      | Reached skill level 5 in Fighting
  9135 | D:7      | Noticed Joseph
  9143 | D:7      | Killed Joseph
  9270 | D:7      | Found an iron altar of Okawaru.
  9929 | D:8      | Noticed Maggie
  9938 | D:8      | Killed Maggie
  9939 | D:8      | Gained mutation: You may rarely emit foul miasma when
                  | damaged in melee. [demonic ancestry]
  9939 | D:8      | Reached XP level 10. HP: 62/74 MP: 10/10
 10020 | D:8      | Found a runed translucent gate.
 10020 | D:8      | Found a runed translucent gate.
 10020 | D:8      | Found a runed translucent gate.
 10033 | D:8      | Noticed drpainis's ghost (novice SpEn)
 10088 | D:8      | Noticed Gastronok
 10482 | D:8      | Killed Gastronok
 10483 | D:8      | Reached skill level 1 in Shields
 10929 | D:8      | Identified the ring "Nifuck" {rPois Str+9 Int-4}
 11569 | D:9      | Reached skill level 5 in Dodging
 11621 | D:9      | Found Coteero's Hydra Hut.
 11623 | D:9      | Noticed an eight-headed hydra
 11799 | D:9      | Reached skill level 5 in Staves
 11958 | D:10     | Entered Level 10 of the Dungeon
 11958 | D:10     | Found Fekaef's Book Boutique.
 11961 | D:10     | Noticed an orange demon
 11964 | D:10     | Noticed a sun demon
 11998 | D:10     | Reached XP level 11. HP: 80/81 MP: 11/11
 11999 | D:10     | Noticed a death yak
 12000 | D:10     | Noticed a death yak
 12000 | D:10     | Noticed a death yak
 12002 | D:10     | Noticed a death yak
 12002 | D:10     | Noticed a death yak
 12017 | D:9      | Killed a death yak
 12317 | D:10     | Found Fiff's Antique Armour Emporium.
 12513 | D:10     | Reached skill level 5 in Armour
 12811 | D:10     | Found Qops's Jewellery Emporium.
 12901 | D:10     | Found a staircase to the Orcish Mines.
 13037 | D:10     | Noticed a two-headed ogre
 13043 | D:10     | Killed a two-headed ogre
 13198 | D:10     | Found a staircase to the Lair.
 13214 | D:10     | Killed a death yak
 13223 | D:10     | Killed a death yak
 13227 | D:10     | Killed a death yak
 13416 | D:10     | Killed a death yak
 13615 | D:10     | Found Kaim's Armour Shop.
 13805 | D:10     | Bought a +1 pair of gloves of hurling for 198 gold pieces
 13805 | D:10     | Bought a +2 cloak of preservation for 258 gold pieces
 13876 | D:10     | Noticed a two-headed ogre
 13876 | D:10     | Noticed a two-headed ogre
 13882 | D:10     | Killed a two-headed ogre
 13883 | D:10     | Gained mutation: You sometimes emit foul miasma when
                  | damaged in melee. [demonic ancestry]
 13883 | D:10     | Reached XP level 12. HP: 44/89 MP: 12/12
 13901 | D:10     | Killed a two-headed ogre
 14117 | D:10     | Noticed a two-headed ogre
 14127 | D:10     | Reached skill level 5 in Throwing
 14138 | D:10     | Killed a two-headed ogre
 14655 | D:10     | Bought a pair of translucent gloves for 304 gold pieces
 14655 | D:10     | Identified the +1 pair of gloves "Dod Kil" {rF++ SInv} (You
                  | bought it in a shop on level 10 of the Dungeon)
 14682 | Lair:1   | Entered Level 1 of the Lair of Beasts
 14695 | Lair:1   | Reached skill level 14 in Evocations
 14960 | Lair:1   | Noticed a death yak
 14961 | Lair:1   | Noticed a death yak
 14962 | Lair:1   | Noticed a death yak
 14969 | Lair:1   | Killed a death yak
 15024 | D:10     | HP: 2/91 [death yak (6)]
 15397 | D:10     | Killed a death yak
 15830 | Lair:1   | Killed a death yak
 16271 | D:10     | Bought a manual of Shields for 800 gold pieces
 17300 | Lair:2   | Reached skill level 5 in Shields
 17607 | Lair:2   | Paralysed by a hornet for 2 turns
 18141 | Lair:2   | Noticed a five-headed hydra
 18149 | Lair:2   | Killed a five-headed hydra
 18150 | Lair:2   | Gained mutation: Spells you cast may paralyse nearby
                  | enemies. [demonic ancestry]
 18150 | Lair:2   | Reached XP level 13. HP: 79/98 MP: 13/13
 18623 | Lair:2   | Found a staircase to the Swamp.
 19427 | Lair:3   | Found a staircase to the Snake Pit.
 20635 | Lair:4   | You fall into a shaft and drop 1 floor!
 20635 | Lair:5   | Entered Level 5 of the Lair of Beasts
 22790 | Lair:5   | Reached XP level 14. HP: 78/106 MP: 9/14
 23026 | Lair:5   | Reached skill level 10 in Staves
 23661 | Abyss:2  | Cast into level 2 of the Abyss (a wizard)
 23790 | Abyss:2  | Noticed a starcursed mass
 23804 | Abyss:2  | Noticed a purple very ugly thing
 23805 | Abyss:2  | Noticed a tentacled starspawn
 23959 | Abyss:2  | Noticed a dread lich
 24135 | Abyss:2  | Noticed a tentacled starspawn
 24146 | Abyss:2  | Killed a tentacled starspawn
 24213 | Abyss:2  | Reached skill level 15 in Evocations
 24257 | Abyss:3  | Noticed a starcursed mass
 24312 | Lair:5   | Escaped the Abyss
 24700 | Lair:5   | Found a runed translucent door.
 24704 | Lair:5   | Found a staircase to the Slime Pits.
 25512 | Lair:5   | Found a burning altar of Makhleb.
 25538 | Lair:5   | Found a gateway to Hell.
 26500 | D:8      | Killed drpainis's ghost
 26619 | D:12     | Found a gate leading to a gauntlet.
 26624 | Gauntlet | Entered a Gauntlet
 26624 | Gauntlet | Found a transporter.
 26624 | Gauntlet | Found a transporter.
 26632 | Gauntlet | Found a transporter.
 26636 | Gauntlet | Found a transporter.
 26648 | Gauntlet | Found a transporter.
 26656 | Gauntlet | Found a transporter.
 26673 | Gauntlet | Found a transporter.
 26690 | Gauntlet | Found a transporter.
 26691 | Gauntlet | Found a transporter.
 26699 | Gauntlet | Found a transporter.
 26703 | Gauntlet | Found a transporter.
 26770 | Gauntlet | Found a transporter.
 26899 | Gauntlet | Reached XP level 15. HP: 60/115 MP: 8/15
 27099 | Gauntlet | Identified the ring "Sudutum" {*Corrode Fly rPois rC+++
                  | MP+9}
 27993 | D:12     | Found a runed translucent door.
 27996 | D:12     | Noticed Zaklogox's ghost (journeyman MiFi)
 27996 | D:12     | Identified the +10 spear of Melee {holy, rPois rF+ Stlth+}
 28025 | D:12     | Found a portal to a secret trove of treasure.
 28077 | D:12     | You paid a toll of 6 scrolls of fog to enter a treasure
                  | trove
 28078 | Trove    | Entered a treasure trove
 28092 | Trove    | Got Sif Muna's Octavo of the Bloody Caves
 28146 | Trove    | Got Vaxtad's Vellum of Changing and Conflict
 28305 | D:12     | Killed Zaklogox's ghost
 28800 | D:13     | Noticed Josephine
 28812 | D:13     | Killed Josephine
 29248 | D:13     | Reached skill level 10 in Fighting
 30338 | D:13     | Found a gate to the Vaults.
 30413 | D:14     | Reached skill level 10 in Shields
 31534 | D:14     | Found a sparkling altar of Nemelex Xobeh.
 32363 | D:15     | Entered Level 15 of the Dungeon
 32378 | D:15     | Found a staircase to the Depths.
 32451 | D:15     | Gained mutation: Your presence sometimes corrodes those you
                  | injure. [demonic ancestry]
 32451 | D:15     | Reached XP level 16. HP: 100/124 MP: 12/16
 33392 | Orc:1    | Entered Level 1 of the Orcish Mines
 33402 | Orc:1    | Noticed Nergalle
 33419 | Orc:1    | Killed Nergalle
 33543 | Orc:1    | Found Gawureh's Armour Emporium.
 33937 | Orc:1    | Reached skill level 16 in Evocations
 34010 | Orc:2    | Entered Level 2 of the Orcish Mines
 34037 | Orc:2    | Found Raral's Antique Weapon Shop.
 34098 | Orc:2    | Reached skill level 10 in Dodging
 34203 | Orc:2    | Found Cohauhan's Book Boutique.
 34576 | Orc:2    | Found Bethiewk's Antique Armour Emporium.
 34629 | Orc:2    | Found a staircase to the Elven Halls.
 34895 | Orc:2    | Noticed Jorgrun
 34903 | Orc:2    | Killed Jorgrun
 34910 | Orc:2    | Bought a fine ring mail for 216 gold pieces
 34910 | Orc:2    | Identified the +1 ring mail of Ecaxt {Int+3} (You bought it
                  | in a shop on level 2 of the Orcish Mines)
 34969 | Orc:2    | Noticed Donald
 34978 | Orc:2    | Killed Donald
 34989 | Orc:2    | Found Lubbudok's General Store.
 35155 | Orc:2    | Reached skill level 10 in Armour
 35212 | Orc:2    | Noticed Nessos
 35223 | Orc:2    | Killed Nessos
 35560 | Orc:1    | Found Nilolan's Magic Scroll Emporium.
 35569 | Orc:1    | Bought a scroll of poison for 56 gold pieces
 35569 | Orc:1    | Bought a scroll of teleportation for 42 gold pieces
 35661 | Orc:1    | Found Ynoex's Gadget Gallery.
 36046 | Orc:2    | Bought a book of Lightning for 612 gold pieces
 36052 | Orc:2    | Learned a level 5 spell: Lightning Bolt
 36055 | Orc:2    | Learned a level 2 spell: Static Discharge
 36234 | Swamp:1  | Entered Level 1 of the Swamp
 36388 | Swamp:1  | Reached skill level 1 in Air Magic
 36492 | Swamp:1  | You fall into a shaft and drop 1 floor!
 36552 | Swamp:2  | Reached skill level 1 in Spellcasting
 36552 | Swamp:2  | Reached skill level 1 in Conjurations
 36775 | Swamp:1  | Noticed Kirke
 36990 | Swamp:1  | Killed Kirke
 37288 | Swamp:1  | Paralysed by a fenstrider witch for 2 turns
 37949 | Swamp:2  | Identified the +4 ring mail of Vanity {Dex+3}
 39173 | Swamp:4  | Entered Level 4 of the Swamp
 39345 | Swamp:4  | HP: 5/127 [seven-headed hydra (7)]
 40139 | Swamp:4  | Gained mutation: You have a pair of large antennae on your
                  | head. (SInv) [demonic ancestry]
 40139 | Swamp:4  | Reached XP level 17. HP: 84/133 MP: 12/21
 41148 | Swamp:4  | Got a decaying rune of Zot
 41456 | Snake:1  | Entered Level 1 of the Snake Pit
 41825 | Snake:1  | Reached skill level 5 in Air Magic
 41995 | Snake:1  | Identified the +6 flail "Edwit" {venom, *Corrode Drain
                  | rElec Stlth+}
 41997 | Snake:1  | Found a hide-covered altar of Uskayaw.
 45487 | Snake:3  | Reached skill level 5 in Conjurations
 46425 | Snake:4  | Entered Level 4 of the Snake Pit
 47039 | Snake:4  | Reached skill level 5 in Spellcasting
 47064 | Snake:4  | Gained mutation: When seriously injured, your blood forms
                  | very thick armour. (AC +12) [demonic ancestry]
 47064 | Snake:4  | Reached XP level 18. HP: 96/142 MP: 22/25
 48188 | Snake:4  | Noticed Saint Roka
 48201 | Snake:4  | Killed Saint Roka
 50282 | Snake:4  | Got a serpentine rune of Zot
 50947 | Vaults:1 | Entered Level 1 of the Vaults
 50969 | Vaults:1 | Learned a level 4 spell: Airstrike
 53459 | Vaults:2 | Reached XP level 19. HP: 147/150 MP: 27/29
 53487 | Vaults:2 | HP: 3/150 [yaktaur[a vault warden] (16)]
 53972 | Vaults:2 | Identified the +2 leather armour of Bihe {Fly rPois Str+4}
 53983 | Vaults:2 | Reached skill level 10 in Air Magic
 54672 | Vaults:2 | Noticed a bone dragon
 54674 | Vaults:2 | Found a staircase to the Crypt.
 54709 | Vaults:2 | Killed a bone dragon
 55756 | Vaults:2 | Bought a potion of experience for 1000 gold pieces
 55756 | Vaults:2 | Reached XP level 20. HP: 158/158 MP: 29/32
 55761 | Vaults:2 | Learned a level 3 spell: Mephitic Cloud
 55767 | Vaults:2 | Learned a level 5 spell: Freezing Cloud
 55771 | Vaults:2 | Learned a level 3 spell: Swiftness
 55794 | Vaults:3 | Bought a +2 kite shield of reflection for 259 gold pieces
 55811 | Vaults:3 | Bought a +2 pair of boots of stealth for 301 gold pieces
 55818 | Vaults:3 | Bought pitted gold dragon scales for 2890 gold pieces
 55818 | Vaults:3 | Identified the +0 gold dragon scales of Wrong Decisions
                  | {+Blink rPois rF+ rC+ Regen+} (You bought it in a shop on
                  | level 3 of the Vaults)
 55831 | Vaults:3 | Bought the dreamshard necklace {*Dream Drain} for 2200 gold
                  | pieces
 55831 | Vaults:3 | Found the dreamshard necklace {*Dream Drain}
 56250 | Vaults:3 | Found Enongaus's Antique Armour Shop.
 56798 | Vaults:3 | Noticed Asterion
 56823 | Vaults:3 | Killed Asterion
 57414 | Vaults:3 | Reached XP level 21. HP: 41/162 MP: 34/34
 58841 | Vaults:4 | Reached skill level 10 in Spellcasting
 59691 | Vaults:5 | Entered Level 5 of the Vaults
 59813 | Vaults:5 | Identified the ring "Diwyupeecu" {Fly rC+}
 59829 | Vaults:5 | Reached skill level 10 in Conjurations
 59876 | Vaults:5 | Reached skill level 15 in Fighting
 59958 | Vaults:5 | Found the +2 cloak of the Thief {*Fog Slay-2 SInv Stlth+}
 59978 | Vaults:5 | Got the Volume of the Iron Oath
 60031 | Vaults:5 | Noticed a dread lich
 60067 | Vaults:5 | Killed a dread lich
 60069 | Vaults:5 | Noticed an ancient lich
 60085 | Vaults:5 | HP: 2/168 [ancient lich/crystal spear (115)]
 60102 | Vaults:5 | Killed an ancient lich
 60170 | Vaults:5 | Identified the +3 dagger "Sepoiss" {flame, rF+ Will+ Dex+5}
 60303 | Vaults:5 | Noticed a golden dragon
 60317 | Vaults:5 | Killed a golden dragon
 60785 | Vaults:5 | Identified the +9 scimitar "Daos Niddig" {drain, rF+ rC+
                  | Str+3 Dex-2}
 60787 | Vaults:5 | Noticed a golden dragon
 60896 | Vaults:4 | Killed a golden dragon
 60897 | Vaults:4 | Gained mutation: Your presence sometimes corrodes or
                  | deforms those you injure. [demonic ancestry]
 60897 | Vaults:4 | Reached XP level 22. HP: 112/175 MP: 36/36
 61005 | Vaults:4 | Slain by an ironbound preserver

Illustrated notes

Levels and vault maps discovered:
D:1:      elethiomel_arrival_quiet, layout_loops_cross, serial_shops,
          nicolae_shop_crystal
D:2:      cheibrodos_helix_gallery, layout_basic,
          hellmonk_ecumenical_altar_defaced_shrine, basic_altar,
          ebering_dispersal_statue_hall, kennysheep_generic_room_9
D:3:      lemuel_castle_with_subvaults [lemuel_castle_interior_original],
          layout_basic, serial_shops, nicolae_shop_window_shopping,
          nicolae_shop_waterfront, nicolae_shop_hallway_plus
D:4:      layout_cave_pods, chequers_garden
D:5:      layout_basic, minmay_temple_entry_overgrown
D:6:      layout_loops_cross, nicolae_wu_jian_wuxing_cycle
D:7:      layout_rooms, evilmike_ruin_ashenzari,
          mainiacjoe_overflow_divided_tiny, bh_walls_and_bars, uniq_joseph,
          uniq_prince_ribbit1
D:8:      layout_cave_pods, gammafunk_ghost_nasty_kobolds, uniq_gastronok,
          uniq_maggie
D:9:      layout_roguey, doesnt_shop_hydraphobe
D:10:     minmay_bubble_buster, layout_irregular_city, dpeg_lair_monsters,
          david_orc_1_choice, serial_shops, nicolae_stop_n_shop_2,
          nicolae_shop_waterfront, kennysheep_little_box, shop
D:11:     layout_basic
D:12:     layout_roguey, nicolae_trove_entry_columns, gauntlet_entry_generic,
          ebering_ghost_funeral_grove
D:13:     layout_basic, hangedman_vaults_entry_quadrant_bands,
          portal_ice_cave_demonic_guard, uniq_josephine
D:14:     minmay_wizard_corner, layout_basic, nemelex_xobeh_ov_fountains_minmay
D:15:     grunt_enter_depths_giant_problem, layout_cave_pools
Temple:   nicolae_temple_bog_church
Lair:1:   layout_long_grid, nicolae_lair_grove_arrangements, grunt_megastairs_5
Lair:2:   minmay_lair_venomous_thicket, layout_cave_pods,
          minmay_swamp_entry_worms, minivault_25, infiniplex_staircase_pool_2
Lair:3:   layout_long_grid, dummy_snake_entry
Lair:4:   layout_regular_city
Lair:5:   evil_forest, layout_misc_corridors, slime_entry_2, minivault_11
Swamp:1:  layout_falls_marsh, evilmike_swamp_ruin_house_4, swamp_pool1,
          grunt_hermit_hut, uniq_kirke
Swamp:2:  layout_basic_swamp, nicolae_swamp_trees_clearing, swamp_pool1,
          infiniplex_staircase_pool
Swamp:3:  layout_basic_swamp, hangedman_swamp_ruin_hall
Swamp:4:  swamp, layout_basic_swamp, swamp_pool3
Snake:1:  layout_grid_maze, basic_altar
Snake:2:  layout_chambers, nicolae_snake_squiggles, lemuel_fruit_tree,
          serial_bayou_shore_b
Snake:3:  layout_honeycomb
Snake:4:  grunt_snake_rune_pools, layout_layer_cave, nicolae_snake_shapes,
          serial_bayou_shore_a, uniq_saint_roka
Orc:1:    layout_diamond_mine, serial_shops,
          nicolae_shop_temple_entry_statues_fountains, shop,
          nicolae_shop_gadgets, uniq_nergalle
Orc:2:    grunt_orc_gardens, layout_diamond_mine, grunt_orc_garden,
          grunt_orc_garden, grunt_orc_garden, grunt_orc_garden, uniq_nessos,
          uniq_donald, uniq_jorgrun
Vaults:1: vaults_mumra_minichess, nicolae_vaults_big_angled_halls,
          v_alt_pattern_5, vaults_room_pool, ontoclasm_vaults_misaligned,
          vaults_room_corners, layout_vaults_omnigrid
Vaults:2: ontoclasm_vaults_bender, nicolae_vaults_stairing_the_circle,
          ontoclasm_vaults_chip, hangedman_vaults_river_flow,
          nicolae_vaults_rhombus_6, vaults_dpeg_diagonal, vaults_dpeg_cross,
          v_rooms_5, v_misc_27, minmay_crypt_entry_nasty_monster,
          grunt_vaults_diagonal, nicolae_vaults_circle_grid_a,
          vaults_room_pools, vaults_dpeg_emergency_exit, v_misc_14,
          layout_vaults_maze_bifur, uniq_margery
Vaults:3: nicolae_vaults_bisected_exclaves, st_octagons_1,
          ontoclasm_vaults_twist, grunt_vaults_swirl, v_misc_3,
          nicolae_vaults_little_squares_4, hangedman_vaults_restitches,
          v_misc_4, hangedman_vaults_pinch, layout_vaults_big_room,
          serial_shops, nicolae_lakefront_shop, uniq_asterion
Vaults:4: nicolae_vaults_three_branches, hangedman_vaults_impose,
          ontoclasm_vaults_chip, grunt_vaults_focal, v_rooms_3, v_misc_28,
          vaults_standard_mumra_enter_the_diamond, dpeg_vaults_monster_row,
          grunt_vaults_bifocal, nicolae_vaults_little_ls,
          hangedman_vaults_stretched_pinwheel, ontoclasm_vaults_ligature,
          nicolae_vaults_theta, vaults_dpeg_encased_lava,
          ontoclasm_vaults_loading_screen, ontoclasm_vaults_misaligned,
          nicolae_vaults_hallways_thing, layout_vaults_omnibox
Vaults:5

Skill      XL: |  1  2  3  4  5  6  7  8  9 10 11 12 13 14 15 16 17 18 19 20 21 |
---------------+----------------------------------------------------------------+-----
Dodging        | 2 3 4 5 6 7 8 9 10 11 12 13 | 13.9
Evocations     | 1 2 12 13 14 15 16 | 16.0
Armour         | 1 2 3 4 5 6 7 8 9 10 11 12 13 | 13.8
Fighting       | 4 5 6 7 8 9 10 11 12 13 14 15 | 15.3
Throwing       | 1 2 3 4 5 6 7 8 |  8.0
Staves         | 2 3 5 6 8 9 11 | 11.9
Shields        | 2 3 5 7 9 10 12 13 14 | 14.0
Air Magic      | 4 7 9 10 11 13 | 13.3
Spellcasting   | 2 5 6 8 9 10 | 10.8
Conjurations   | 3 5 7 8 9 10 | 10.7
Polearms       | |  1.7
Stealth        | |  4.5

Action                   |  1- 3 |  4- 6 |  7- 9 | 10-12 | 13-15 | 16-18 | 19-21 | 22-24 || total
-------------------------+-------+-------+-------+-------+-------+-------+-------+-------++-------
Melee: Trident           |    73 |   146 |   193 |       |       |       |       |       ||   412
       Punch             |       |     2 |     4 |       |       |       |       |       ||     6
       Staff             |       |       |   158 |   549 |  1228 |  1747 |  1595 |    31 ||  5308
       Unarmed           |       |       |       |       |       |    26 |       |       ||    26
 Fire: Shortbow          |    30 |       |       |       |       |       |       |       ||    30
Throw: Javelin           |       |       |       |     1 |       |       |       |       ||     1
       Dart              |       |       |       |       |       |     2 |       |       ||     2
 Cast: Static Discharge  |       |       |       |       |       |     1 |     1 |       ||     2
       Airstrike         |       |       |       |       |       |     1 |     1 |       ||     2
Invok: Call Merchant     |       |       |       |       |       |       |     4 |       ||     4
Evoke: Wand              |       |       |       |       |       |     5 |       |       ||     5
  Use: Scroll            |     1 |     4 |     5 |     6 |    20 |     3 |     3 |       ||    42
       Potion            |       |     2 |       |       |     8 |     4 |     7 |     1 ||    22
 Stab: Sleeping          |     6 |     4 |     4 |     5 |    12 |     9 |     1 |       ||    41
       Distracted        |     1 |     1 |     2 |     6 |    10 |    14 |    11 |       ||    45
       Petrified         |       |       |       |       |     2 |       |       |       ||     2
       Petrifying        |       |       |       |       |     1 |       |       |       ||     1
       Invisible         |       |       |       |       |     1 |       |       |       ||     1
Armor: Leather armour    |    12 |     1 |       |       |       |       |       |       ||    13
       Scale mail        |       |    58 |   165 |       |   262 |    99 |       |       ||   584
       Acid dragon scale |       |       |       |   344 |   316 |       |       |       ||   660
       Ring mail         |       |       |       |       |       |   500 |    81 |       ||   581
       Skin              |       |       |       |       |       |     2 |       |       ||     2
       Gold dragon scale |       |       |       |       |       |       |   517 |    15 ||   532
Dodge: Dodged            |    38 |    80 |   166 |   235 |   428 |   809 |   418 |     8 ||  2182
Block: Tower shield      |       |       |    10 |   509 |   907 |   177 |       |       ||  1603
       Kite shield       |       |       |       |       |       |   897 |   745 |    27 ||  1669
       Reflection        |       |       |       |       |       |    43 |    43 |       ||    86

Table legend: (Time is in decaauts)
 A = Elapsed time spent in this place.
 B = Non-inter-level travel time spent in this place.
 C = Inter-level travel time spent in this place.
 D = Time resting spent in this place.
 E = Time spent auto-exploring this place.
 F = Levels seen in this place.
 G = Mean time per level.
                   A        B        C        D        E       F      G
               +--------+--------+--------+--------+--------+-----+--------+
         Total |  60716 |  57782 |   2934 |   3142 |  44373 |  40 | 1517.9 |
       Dungeon |  23313 |  21480 |   1833 |   1444 |  16301 |  15 | 1554.2 |
        Temple |     35 |     19 |     16 |      0 |      0 |   1 |   35.0 |
          Lair |   9484 |   9101 |    383 |    531 |   7165 |   5 | 1896.8 |
         Swamp |   5322 |   5182 |    140 |    804 |   3628 |   4 | 1330.5 |
     Snake Pit |   9127 |   8943 |    184 |     58 |   7686 |   4 | 2281.8 |
  Orcish Mines |   2499 |   2199 |    300 |      0 |   1885 |   2 | 1249.5 |
        Vaults |   9484 |   9408 |     76 |     92 |   7012 |   5 | 1896.8 |
         Abyss |    647 |    647 |      0 |    212 |     89 |   2 |  323.5 |
         Trove |     90 |     90 |      0 |      0 |     64 |   1 |   90.0 |
      Gauntlet |    710 |    710 |      0 |      0 |    541 |   1 |  710.0 |
               +--------+--------+--------+--------+--------+-----+--------+

Top non-repeatable levels by time:
 Snake:4: 3811 daAuts
    D:10: 3734 daAuts
     D:3: 3047 daAuts
  Lair:5: 2911 daAuts
Vaults:2: 2625 daAuts
  Lair:2: 2328 daAuts
Vaults:3: 2207 daAuts
Vaults:1: 2040 daAuts
    D:14: 1992 daAuts
 Swamp:3: 1911 daAuts
    D:13: 1833 daAuts
 Snake:1: 1807 daAuts
 Snake:3: 1759 daAuts
 Snake:2: 1749 daAuts
Vaults:4: 1731 daAuts
